 Dungeon Sprint DCSS version 0.31-a0-662-g684573625c (webtiles) character file.

Game seed: 17423340815527138555

8483 dialectric the Ninja (level 11, -11/60 HPs)
             Began as a Spriggan Brigand on Sept 1, 2023.
             Was a High Priest of Dithmenos.
             Killed from afar by a lava snake (25 damage)
             ... with a glob of lava
             ... in the Dungeon (Sprint II: "The Violet Keep of Menkaure").
             The game lasted 00:05:25 (856 turns).

dialectric the Ninja (Spriggan Brigand)              Turns: 856, Time: 00:05:26

Health: -11/60     AC:  4    Str:  7      XL:     11   Next: 10%
Magic:  12/12      EV: 46    Int: 12      God:    Dithmenos [*****.]
Gold:   1539       SH:  0    Dex: 21 (22) Spells: 10/10 levels left

rFire   . . .        a - +2 dagger
rCold   . . .        (no shield)
rNeg    + . .        g - +1 robe of Mutualism {rPois rN+ rCorr}
rPois   +            (helmet restricted)
rElec   .            c - +0 cloak
rCorr   +            (gloves unavailable)
SInv    +            (boots unavailable)
Will    ++...        l - amulet of the acrobat Stlth *******+++
                     x - ring of willpower
HPRegen 0.30/turn    (no ring)
MPRegen 0.13/turn

%: no teleportation, acrobat
@: acrobatic, wreathed by umbra, very quick
A: very small, no large weapons, unfitting armour, see invisible, speed 3,
deterioration 1, low MP 1, subdued magic 1, inability to drink after injury 1
a: Renounce Religion, Shadow Step, Shadow Form


You were in the Dungeon.
You worshipped Dithmenos.
Dithmenos was extremely pleased with you.
You visited 1 branch You collected 1827 gold pieces.
You spent 288 gold pieces at shops.

Inventory:

Hand Weapons
 a - a +2 dagger (weapon)
Missiles
 d - 12 poisoned darts
 e - 2 curare-tipped darts (quivered)
Armour
 b - a +0 robe
 c - a +0 cloak (worn)
 g - the +1 robe of Mutualism (worn) {rPois rN+ rCorr}
   (You bought it in a shop in the Dungeon)

   rPois:     It protects you from poison rN+: It protects you from negative
   energy.
   rCorr:     It protects you from acid and corrosion.
 s - a +0 buckler
Jewellery
 l - an amulet of the acrobat (around neck)
 x - a ring of willpower (left hand)
Scrolls
 j - a scroll of enchant weapon {unknown}
 k - 2 scrolls of blinking
 n - 2 scrolls of brand weapon {unknown}
 q - 4 scrolls of identify {unknown}
 t - a scroll of vulnerability {unknown}
 v - a scroll of immolation {unknown}
 y - a scroll of fog {unknown}
 z - 2 scrolls of poison {unknown}
Potions
 f - 4 potions of curing
 h - a potion of haste
 i - 5 potions of magic
 m - 3 potions of brilliance {unknown}
 o - a potion of might {unknown}
 p - a potion of lignification {unknown}
 r - 4 potions of enlightenment {unknown}
 u - a potion of attraction {unknown}
 w - 4 potions of resistance


   Skills:
 + Level 8.5 Fighting
 + Level 13.7 Short Blades
 - Level 4.8 Throwing
 + Level 15.4 Dodging
 O Level 27 Stealth
 + Level 1.8 Invocations


You had 10 spell levels left.
You didn't know any spells.
Your spell library contained the following spells:

 Spells                   Type           Power      Damage    Failure   Level
 Static Discharge         Conj/Air       0%         2-2/arc   41%         2
 Ignite Poison            Fire/Tmut/Pois 0%         N/A       65%         3
 Airstrike                Air            0%         2d(0-16)  96%         4
 Sticky Flame             Conj/Fire      0%         2d3       96%         4
 Summon Lightning Spire   Summ/Air       0%         N/A       96%         4
 Ignition                 Fire           0%         3d3       100%        8


Dungeon Overview and Level Annotations

Branches:
Dungeon (1/1)

Altars:
Cheibriados
Dithmenos
Elyvilon
Fedhas
Gozag
Hepliaklqana
Kikubaaqudgha
Makhleb
Nemelex Xobeh
Okawaru
Qazlal
Ru
Sif Muna
Trog
Uskayaw
Vehumet
Wu Jian
Xom
Yredelemnul
Zin
The Shining One
Jiyva
Lugonu

Shops:
D [[:?==*?!!:[([[

Annotations:
D exclusions: obsidian statue and oklob plant, Kirke


Innate Abilities, Weirdness & Mutations

You are very small and have problems with some larger weapons.
You are too small for most types of armour.
You have supernaturally acute eyesight. (SInv)
You cover ground extremely quickly. (Speed+++)
Your body sometimes deteriorates upon taking damage.
Your magical capacity is low. (-10% MP)
Your spells are a little easier to cast, but a little less powerful.
You occasionally lose the ability to drink potions when taking damage.


Message History

You now have 1539 gold pieces (gained 27).
Search for what [? for help]? ste
There is an open door, spattered with blood here.
There is an open door, spattered with blood here.
Why would you want to do that?
You enter the shallow water.
Moving in this stuff is going to be slow.
You see here a water moccasin corpse.
The flying skull gives a hideous shriek! x2
Marking area around an obsidian statue as unsafe for travelling.
Why would you want to do that?
There is an open door here.
You enter the shallow water.
Moving in this stuff is going to be slow.
You are engulfed in a cloud of scalding steam.
You open the door.
There is an open door here.
The lava snake hisses angrily.
The lava snake spits lava at you. The glob of lava hits you!
The lava snake hisses angrily. x2
Which direction?
You close the gate.
Kirke, a kobold demonologist and a skeletal warrior come into view.
The kobold demonologist is wielding a +1 dagger of speed.
A centaur warrior comes into view.
You open the gate. You open the gate. The lava snake spits lava at you.
The glob of lava misses you. The lava snake spits lava at you.
The glob of lava hits you!
Unknown command.
Unknown command.
You are engulfed in blazing flames.
* * * LOW HITPOINT WARNING * * *
Your body deteriorates!
You feel clumsy. The lava snake spits lava at you. The glob of lava hits you!!
You die...

##≈≈≈°°°°## ##§§≈°°°≈°≈## ▓▓+▓▓▓
# +≈≈≈≈°≈≈○○≈≈##++## +°..▓0
c@####§≈≈≈S≈≈≈≈##≈...### #°..▓▓
K..~##°°○SSS§# e≈..^^.###.°○▓≈
######~~#z°○#'°○#####....#!##°:▓▓
#####~~~.°°...☼○○#..'...^#k.#})▓.
...∩#~~~~.##○##○○#†.####.#..#:)▓.
..∩.#~~~~##.####@####.†'.##.#["▓(
.∩.∩#~~~~#.##..#....#†.#..k####▓.
∩.∩.#~~####...####..#####..##)#▓)
.∩..#~##.###'###.##..#†.k..#..#▓.
∩...#~#...##.##..##..#††#..#†.#▓)
....'~'.#.'.<.'##.'..####..##.#▓.
....#~#.).##.##..##§...###...##▓▓
▓▓###~##.###÷###.##...§..~~~~~~~~
#####~~####÷#.####§~...§.~#'#####


You could see 4 lava snakes.

Vanquished Creatures
  2 sphinxes (D)
  A crystal guardian (D)
  A death yak (D)
  2 deep trolls (D)
  A merfolk siren (D)
  2 cane toads (D)
  A yaktaur (D)
  3 polar bears (D)
  A hornet (D)
  2 wyverns (D)
  4 neqoxecs (D)
  A vampire mosquito (D)
  Menkaure (D)
  4 water moccasins (D)
  A swamp drake (D)
  3 black bears (D)
  4 scorpions (D)
34 creatures vanquished.

Vanquished Creatures (others)
  12 tentacles (D)
12 creatures vanquished.

Grand Total: 46 creatures vanquished

Notes
Turn   | Place    | Note
-------+----------+-------------------------------------------
     0 | D        | dialectric the Spriggan Brigand began the quest for the
                  | Orb.
     0 | D        | Reached XP level 1. HP: 10/10 MP: 2/2
     1 | D        | Noticed a merfolk siren
    13 | D        | Killed a merfolk siren
    14 | D        | Reached skill level 17 in Stealth
    14 | D        | Reached XP level 2. HP: 16/16 MP: 3/3
    14 | D        | Reached XP level 3. HP: 20/20 MP: 4/4
    14 | D        | Reached XP level 4. HP: 24/24 MP: 5/5
    14 | D        | Reached XP level 5. HP: 28/28 MP: 6/6
    14 | D        | Reached XP level 6. HP: 32/32 MP: 7/7
    24 | D        | Noticed a neqoxec
    24 | D        | Noticed a neqoxec
    24 | D        | Noticed a neqoxec
    24 | D        | Noticed a neqoxec
    35 | D        | Reached skill level 5 in Short Blades
    35 | D        | Reached skill level 18 in Stealth
    44 | D        | Reached skill level 5 in Dodging
    45 | D        | Reached skill level 19 in Stealth
    45 | D        | Reached XP level 7. HP: 37/37 MP: 8/8
    67 | D        | Noticed a wyvern
    67 | D        | Noticed a wyvern
    70 | D        | Killed a wyvern
    71 | D        | Reached skill level 20 in Stealth
    86 | D        | Killed a wyvern
    87 | D        | Reached skill level 21 in Stealth
   101 | D        | Found a snail-covered altar of Cheibriados.
   102 | D        | Found a shadowy altar of Dithmenos.
   103 | D        | Found a white marble altar of Elyvilon.
   103 | D        | Found an ancient bone altar of Kikubaaqudgha.
   103 | D        | Found a viscous altar of Jiyva.
   104 | D        | Found a blossoming altar of Fedhas.
   104 | D        | Found a corrupted altar of Lugonu.
   104 | D        | Found a shimmering blue altar of Sif Muna.
   105 | D        | Found an opulent altar of Gozag.
   105 | D        | Found a burning altar of Makhleb.
   105 | D        | Found a bloodstained altar of Trog.
   106 | D        | Found a sparkling altar of Nemelex Xobeh.
   106 | D        | Found a hide-covered altar of Uskayaw.
   107 | D        | Found a basalt altar of Yredelemnul.
   108 | D        | Found an iron altar of Okawaru.
   108 | D        | Found a radiant altar of Vehumet.
   108 | D        | Found a glowing silver altar of Zin.
   108 | D        | Found a hazy altar of Hepliaklqana.
   108 | D        | Found a sacrificial altar of Ru.
   108 | D        | Found a shimmering altar of Xom.
   109 | D        | Found a stormy altar of Qazlal.
   109 | D        | Found an ornate altar of the Wu Jian Council.
   109 | D        | Found a glowing golden altar of the Shining One.
   113 | D        | Became a worshipper of Dithmenos the Shadowed
   135 | D        | Reached XP level 8. HP: 40/42 MP: 9/9
   137 | D        | Reached * piety under Dithmenos
   138 | D        | Reached skill level 22 in Stealth
   143 | D        | Noticed a cane toad
   144 | D        | Noticed a cane toad
   145 | D        | Killed a cane toad
   146 | D        | Reached skill level 23 in Stealth
   147 | D        | Killed a cane toad
   147 | D        | Reached ** piety under Dithmenos
   148 | D        | Reached skill level 24 in Stealth
   154 | D        | Noticed a deep elf master archer
   157 | D        | Noticed a death yak
   160 | D        | Killed a death yak
   161 | D        | Reached skill level 25 in Stealth
   161 | D        | Reached XP level 9. HP: 46/46 MP: 10/10
   179 | D        | Noticed a yaktaur
   179 | D        | Noticed a polar bear
   181 | D        | Noticed a polar bear
   181 | D        | Noticed a polar bear
   182 | D        | Killed a polar bear
   183 | D        | Reached skill level 26 in Stealth
   183 | D        | Killed a polar bear
   184 | D        | Reached skill level 5 in Fighting
   186 | D        | Reached skill level 27 in Stealth
   186 | D        | Killed a polar bear
   186 | D        | Reached *** piety under Dithmenos
   188 | D        | Killed a yaktaur
   198 | D        | Noticed a kraken
   330 | D        | Noticed a death drake
   336 | D        | Noticed a death drake
   336 | D        | Noticed a crystal guardian
   339 | D        | Killed a crystal guardian
   340 | D        | Reached skill level 10 in Short Blades
   340 | D        | Reached skill level 10 in Dodging
   340 | D        | Reached XP level 10. HP: 53/53 MP: 11/11
   363 | D        | Gained mutation: Your spells are a little easier to cast,
                  | but a little less powerful. [a neqoxec]
   384 | D        | Reached **** piety under Dithmenos
   384 | D        | Gained mutation: Your magical capacity is low. (-10% MP) [a
                  | neqoxec]
   392 | D        | Gained mutation: You occasionally lose the ability to drink
                  | potions when taking damage. [a neqoxec]
   441 | D        | Gained mutation: Your body sometimes deteriorates upon
                  | taking damage. [a neqoxec]
   456 | D        | Found Felaric's Distillery.
   456 | D        | Found Okhle's Book Emporium.
   456 | D        | Found Ratoptir's Assorted Antiques.
   456 | D        | Found Ixkoyrgh's Antique Weapon Emporium.
   456 | D        | Found Citirric's Magic Scroll Shoppe.
   456 | D        | Found Peddose's Antique Armour Emporium.
   456 | D        | Found Iralaih's Distillery.
   456 | D        | Found Boadghyf's Antique Armour Shoppe.
   456 | D        | Found Uroxei's Antique Armour Shoppe.
   457 | D        | Found Tecruc's Jewellery Shoppe.
   472 | D        | Found Yggeh's Jewellery Emporium.
   472 | D        | Found Loonux's Magic Scroll Shoppe.
   472 | D        | Noticed Menkaure
   472 | D        | Noticed an iron elemental
   472 | D        | Noticed an oklob plant
   492 | D        | Killed Menkaure
   508 | D        | Found Odoagiaxt's Antique Armour Shoppe.
   508 | D        | Found Zegaisuroo's Book Shoppe.
   508 | D        | Found Vuecaa's Armour Emporium.
   509 | D        | Noticed a hell hog
   517 | D        | Bought a potion of curing for 33 gold pieces
   519 | D        | Bought a slimy robe for 102 gold pieces
   519 | D        | Identified the +1 robe of Mutualism {rPois rN+ rCorr} (You
                  | bought it in a shop in the Dungeon)
   520 | D        | Bought a potion of curing for 39 gold pieces
   520 | D        | Bought a potion of curing for 39 gold pieces
   525 | D        | Bought a scroll of blinking for 75 gold pieces
   530 | D        | Noticed a hell hog
   629 | D        | Reached ***** piety under Dithmenos
   725 | D        | Noticed a deep troll
   726 | D        | Noticed a deep troll
   728 | D        | Killed a deep troll
   729 | D        | Killed a deep troll
   730 | D        | Reached skill level 1 in Invocations
   750 | D        | Noticed a sphinx
   751 | D        | Noticed a sphinx
   753 | D        | Killed a sphinx
   754 | D        | Killed a sphinx
   755 | D        | Reached skill level 15 in Dodging
   755 | D        | Reached XP level 11. HP: 55/60 MP: 10/12
   794 | D        | Noticed an obsidian statue
   846 | D        | Noticed Kirke
   846 | D        | Noticed a skeletal warrior
   847 | D        | Noticed a centaur warrior
   856 | D        | Killed from afar by a lava snake

Illustrated notes

Levels and vault maps discovered:
D:        the_violet_keep_of_menkaure [sprint2_stairs_cluster_1,
          sprint2_shoproom, sprint2_temple, sprint2_basic_supplies,
          sprint2_obstacle_7, sprint2_obstacle_3, sprint2_obstacle_5,
          sprint2_obstacle_2, sprint2_obstacle_4, sprint2_timed_cluster_1,
          sprint2_smallroom_cluster_1, sprint2_smallroom_final_cluster_1,
          sprint2_transparent_cluster_1, sprint2_second_timed_cluster_1,
          sprint2_sniper_area_1, sprint2_heavy_combat_area_1,
          sprint2_mutation_trap_area_1, sprint2_forest_area_1,
          sprint2_light_combat_area_1, sprint2_behind_water_1,
          sprint2_near_end_vault_1]

Skill      XL: |  1  2  3  4  5  6  7  8  9 10 |
---------------+-------------------------------+-----
Fighting       | 3 4 6 8 |  8.5
Short Blades   | 4 5 6 7 10 13 | 13.7
Throwing       | 4 |  4.8
Dodging        | 2 5 7 8 10 15 | 15.4
Stealth        | 17 19 21 25 27 | 27.0
Invocations    | 1 |  1.8

Action                     |  1- 3 |  4- 6 |  7- 9 | 10-12 || total
---------------------------+-------+-------+-------+-------++-------
  Melee: Dagger            |     7 |     3 |    25 |   125 ||   160
         Punch             |       |       |     1 |       ||     1
  Throw: Dart              |     3 |     6 |     2 |       ||    11
 Invoke: Shadow Step       |       |       |       |     1 ||     1
    Use: Potion            |       |       |     1 |     3 ||     4
   Stab: Sleeping          |       |     2 |    14 |     6 ||    22
 Armour: Robe              |       |       |     4 |    18 ||    22
  Dodge: Dodged            |     1 |     1 |    17 |    75 ||    94

Table legend: (Time is in decaauts)
 A = Elapsed time spent in this place.
 B = Non-inter-level travel time spent in this place.
 C = Inter-level travel time spent in this place.
 D = Time resting spent in this place.
 E = Time spent auto-exploring this place.
 F = Levels seen in this place.
 G = Mean time per level.
                   A        B        C        D        E       F      G
               +--------+--------+--------+--------+--------+-----+--------+
         Total |    674 |    674 |      0 |     96 |     23 |   1 |  674.0 |
       Dungeon |    674 |    674 |      0 |     96 |     23 |   1 |  674.0 |
               +--------+--------+--------+--------+--------+-----+--------+

Top non-repeatable levels by time:
       D: 674 daAuts
